 Dungeon Crawl Stone Soup version 0.23-a0-356-g1757c6e (webtiles) character file.

7 Cryolive the Digger (level 2, -2/15 HPs)
             Began as a Gargoyle Earth Elementalist on Oct 21, 2018.
             Slain by a frilled lizard (3 damage)
             ... on level 1 of the Dungeon.
             The game lasted 00:00:59 (100 turns).

Cryolive the Digger (Gargoyle Earth Elementalist)    Turns: 100, Time: 00:00:59

Health: -2/15      AC:  4    Str: 11    XL:     2   Next: 0%
Magic:  1/5        EV: 12    Int: 15    God:
Gold:   0          SH:  0    Dex: 10    Spells: 4/5 levels left

rFire    . . .     SeeInvis .   e - +0 club
rCold    . . .     Gourm    .   (no shield)
rNeg     + . .     Faith    .   c - +0 robe
rPois    ∞         Spirit   .   (no helmet)
rElec    +         Reflect  .   (no cloak)
rCorr    .         Harm     .   (no gloves)
MR       .....                  (no boots)
Stlth    ++........             (no amulet)
HPRegen  0.05/turn              (no ring)
MPRegen  0.09/turn              (no ring)

@: no status effects
A: negative energy resistance 1, electricity resistance, unbreathing,
petrification resistance, rot immunity, AC +2
a: no special abilities


You were on level 1 of the Dungeon.
You were not hungry.

You visited 1 branch of the dungeon, and saw 1 of its levels.

Inventory:

Hand Weapons
 e - a +0 club (weapon)
Missiles
 b - 23 stones (quivered)
Armour
 c - a +0 robe (worn)
Potions
 a - a potion of heal wounds {unknown}
Comestibles
 d - a ration


   Skills:
 - Level 1.5 Dodging
 - Level 2.1 Stealth
 + Level 2.2 Spellcasting
   Level 0.7 Transmutations
 + Level 3.9 Earth Magic


You had 4 spell levels left.
You knew the following spells:

 Your Spells              Type           Power        Failure   Level  Hunger
a - Sandblast             Erth           ##....       4%          1    #......

Your spell library contained the following spells:

 Spells                   Type           Power        Failure   Level  Hunger
 Passwall                 Tmut/Erth      #.......     12%         2    ###....
 Stone Arrow              Conj/Erth      #.....       28%         3    ###....
 Petrify                  Tmut/Erth      #.......     63%         4    #####..
 Lee's Rapid Deconstruct  Erth           ##........   75%         5    ######.


Dungeon Overview and Level Annotations

Branches:
Dungeon (1/15)

Altars:


Innate Abilities, Weirdness & Mutations

You are resistant to torment.
Your stone body is resilient. (AC +2)
You are immune to poison.
You resist negative energy. (rN+)
You are resistant to electric shocks. (rElec)
You can survive without breathing.
You are immune to petrification.
You are immune to rotting.


Message History

A dart slug comes inta view.
Castin': Sandblast (safe; 4% risk o' failure) Confirm wit' . or Enter, or press ? or * ta list all spells.
Ye dinnae haf enough magic ta cast tha spell.
Tha frilled lizard barely misses ye.
Ye miss tha frilled lizard.
Tha frilled lizard completely misses ye.
Tha hobgoblin hits ye.
* * * LOW HITPOINT WARNIN'
* * * Tha frilled lizard barely misses ye.
Ye closely miss tha hobgoblin.
Tha hobgoblin closely misses ye.
Tha frilled lizard bites ye but does nay damage.
Ye barely miss tha hobgoblin.
Tha hobgoblin hits ye but does nay damage.
Tha frilled lizard bites ye but does nay damage.
Tha hobgoblin barely misses ye.
Ye hit tha hobgoblin.
Tha hobgoblin be heavily wounded.
Tha frilled lizard bites ye.
Ye die...

#...## .... ...#...
...# ..... ... ....
..## ... #..#
#.####.# #..#
#......# #.##
#.@##########..#
#lg†...†.......#
#.....##†''##..#
#.....#.....#..#
###.....#.....#..#
#...w...#..<..#..#
#.#...$.#.....#..#
#+#...#.#######..#
#......)##..........#


You could see a dart slug, a hobgoblin and a frilled lizard.

Vanquished Creatures
  2 bats (D:1)
  2 hobgoblins (D:1)
  A ball python (D:1)
  A rat (D:1)
6 creatures vanquished.

Notes
Turn   | Place    | Note
-------+----------+-------------------------------------------
     0 | D:1      | Cryolive the Gargoyle Earth Elementalist began the quest
                  | for the Orb.
     0 | D:1      | Reached XP level 1. HP: 10/10 MP: 3/3
    87 | D:1      | Reached XP level 2. HP: 2/15 MP: 0/5
   100 | D:1      | Slain by a frilled lizard

Vault maps used:
D:1:      dpeg_arrival_windows_large_door, nrook_loot_triangle

Action                   || total
-------------------------++-------
Melee: Unarmed           ||    17
       Club              ||    16
 Cast: Sandblast         ||     7
Armor: Robe              ||    12
Dodge: Dodged            ||    23

Table legend:
 A = Non-vault XP
 B = Vault XP
 C = Vault XP percentage of total XP
 D = Non-vault monster count
 E = Vault monster count
 F = Vault count percentage of total count
                 A         B        C        D         E       F
            +---------+---------+-------+---------+---------+-------
      Total |      10 |       0 |   0.0 |       6 |       0 |   0.0
            +---------+---------+-------+---------+---------+-------
        D:1 |      10 |       0 |   0.0 |       6 |       0 |   0.0
            +---------+---------+-------+---------+---------+-------
